← All builds
Tech / Armada / Economy first / OBSERVED BUILD

Standard tech

Standard Tech play: rush T2 factory and constructor by ~4:15-4:33, upgrade the first mexes to advanced, and hand off constructors and army to Geo and allies while scaling eco over the game.

Usually first T2 con to Geo (85%)

#eco #t2 #team support · 681 distinct matches · 101 players · 59% of Armada Tech games · team won 53% of 793 · Recently observed

HOW TO PLAY IT

Key timing: T2 lab by 4:15

  1. Take 3 mex, then wind and a Bot Lab to open eco fast.
  2. Push T2 lab out, aim to pass T2 to air player.
  3. Get first T2 constructor building, prioritize mex upgrades over eco.
  4. Finish Advanced Metal Extractor, keep upgrading team's mex.
  5. Add fus and anti-nuke, keep feeding T2 cons and Umbrella/Citadel to team.

Phase by phase

TYPICAL OF ITS 681 GAMES
  1. 1
  2. 2
  3. 3
  4. 4
PLAY THE OPENING

Follow the example game's first 6:00 step by step: what to build now, what comes next, and where it goes. At 1× it keeps pace with your own game.

  1. 1

    Up to the Bot Lab

    Economy
    • Metal Extractor3Mex
    • Wind Turbine4Wind
    Order
    1. Bot LabBot Lab after 3 mex, 4 winddone ~1:18, middle half 1:13–1:32

    Some games also: energy storage (30%)

    By 1:01 in all: 3 mex · 4 wind

    The example game in this phase · 3 steps
    1. Mex ×3
    2. Wind ×3
    3. Bot LabBot Labdone 1:11 · typical 1:18
  2. 2

    Bot Lab to Advanced Bot Lab

    Economy
    • Metal Extractor1Mex
    • Wind Turbine8Wind
    • Energy Storage1Energy storage
    Order
    1. Advanced Bot LabAdvanced Bot Lab after 4 mex, 12 wind, 3 con turretdone ~4:15, middle half 4:04–4:27
    Builders
    • Construction Turret3 Con turret
    • Lazarus3 Lazarus
    • Construction Bot2 Con bot
    • Construction Bot1 Con bot for allies

    Some games also: converter (36%)

    By 3:20 in all: 4 mex · 12 wind · 1 energy storage · 3 con turret

    The example game in this phase · 15 steps
    1. Construction BotCon bot
    2. Wind
    3. LazarusLazarus
    4. Wind ×3
    5. LazarusLazarus
    6. Mex
    7. Wind
    8. Construction BotCon botfor Air
    9. Wind
    10. LazarusLazarus
    11. Con turret
    12. LazarusLazarus
    13. Wind
    14. Energy storage
    15. Advanced Bot LabAdvanced Bot Labdone 4:03 · typical 4:15
  3. 3

    Advanced Bot Lab to 5:00

    Economy
    • Wind Turbine2Wind
    Builders
    • Advanced Construction Bot1 T2 con bot for allies

    Some games also: converter (35%)

    By 5:00 in all: 4 mex · 15 wind · 2 converter · 1 energy storage · 3 con turret

    The example game in this phase · 7 steps
    1. Wind
    2. Advanced Construction BotT2 con bot ×2for Geo
    3. Con turret
    4. Wind ×2
    5. Advanced Metal ExtractorT2 mexdone 6:50 · typical 5:28
    6. Wind ×2
    7. SharpshooterSniper botfor Ponddone 5:47
  4. 4

    5:00 to 10:00

    Economy
    • Wind Turbine43Wind
    • Energy Converter5Converter
    Builders
    • Butler8 Butler
    • Advanced Construction Bot4 T2 con bot for allies
    • Advanced Construction Bot1 T2 con bot

    Some games also: con turret (46%) · Butler for allies (38%)

    By 10:00 in all: 4 mex · 58 wind · 7 converter · 1 energy storage · 3 con turret

    The example game in this phase · 77 steps
    1. Wind ×7
    2. Solar
    3. SharpshooterSniper botfor Pond
    4. Solar ×2
    5. Wind
    6. Con turret
    7. Wind ×3
    8. Advanced Construction BotT2 con botfor Pond
    9. Wind
    10. Con turret
    11. Advanced Construction BotT2 con botfor Geo sea
    12. Energy storage ×2
    13. Advanced Metal ExtractorT2 mex
    14. GunslingerGunslingerdone 8:19
    15. Advanced Metal ExtractorT2 mex
    16. Converter ×4
    17. PlatypusPlatypus
    18. Converter
    19. Advanced Metal ExtractorT2 mex
    20. PlatypusPlatypus
    21. Converter ×2
    22. PlatypusPlatypus
    23. CompassRadar bot
    24. Converter
    25. Advanced Construction BotT2 con botfor Beach sea
    26. Converter ×3
    27. ButlerButler ×2for Geo sea
    28. Wind ×2
    29. ButlerButlerfor Geo sea
    30. Wind ×2
    31. ButlerButlerfor Beach sea
    32. Wind ×2
    33. ButlerButler ×2for Beach sea
    34. ButlerButler ×5
    35. Con turret ×2
    36. Solar ×2
    37. ButlerButler
    38. Solar
    39. ButlerButler
    40. Advanced Construction BotT2 con bot
    41. Metal storage
    42. Fusion ReactorFusiondone 13:21
    43. Con turret
    44. PlatypusPlatypus ×2
    45. Con turret ×3
    46. PlatypusPlatypus
    47. Converter
    48. PlatypusPlatypus
    49. Converter ×2
    50. PlatypusPlatypus ×2
    51. Converter ×2
    52. PlatypusPlatypus
    53. Converter
    54. PlatypusPlatypus
    55. Converter
    56. PlatypusPlatypus
    57. Converter
    58. PlatypusPlatypus
    59. Converter
    60. PlatypusPlatypus
    61. Converter
    62. PlatypusPlatypus
    63. Converter
    64. PlatypusPlatypus
    65. Converter
    66. PlatypusPlatypus
    67. Converter
    68. PlatypusPlatypus
    69. Converter
    70. TumbleweedRolling bomb
    71. Converter ×5
    72. TumbleweedRolling bomb
    73. GhostGhost
    74. Converter ×2
    75. GhostGhost
    76. Converter
    77. GhostGhost

Counts are medians over the build's games: half of them build more, half fewer. The example game is MischievousDragonGF's (43 OS, 25/09/2026); pick another.

Team trades

IN AT LEAST 30% OF ITS GAMES

You hand over

  • Construction Bot1 Con bot to Airfirst at 2:22 · in 88% of games
  • Advanced Construction Bot5 T2 con bot to Air or Pond or Geo seafirst at 4:46 · in 99% of games
  • Sharpshooter2 Sniper bot to Pondfirst at 5:23 · in 33% of games
  • Butler2 Butler to Geo sea or Beach sea or Pondfirst at 9:03 · in 42% of games

You get

  • Hercules1 Light transport from Airfirst at 3:59 · in 85% of games

How it plays out

Typical game of this build, running totals by minute

Metal produced

020k40k
0:005:0010:0015:00

metal

Enemy metal destroyed

0200400
0:005:0010:0015:00

metal

Own metal lost

0100200300
0:005:0010:0015:00

metal

793 games.

Show as table
ByMetal produced: This buildEnemy metal destroyed: This buildOwn metal lost: This build
1:0038300
2:0091500
3:00163500
4:00314800
5:00486300
6:00580700
7:00722000
8:00906100
9:001124700
10:001355300
11:001634200
12:001985000
13:002364400
14:0027360125130
15:0031473385260
WHAT THE NUMBERS SAY

This is the role's baseline and wins slightly more than half its games with a huge metal lead but almost no kills, showing its value is economic not combat.

  • + Produces 31389 metal by 15:00, far above other roles.
  • + Reaches T2 lab and constructor by 4:15-4:33 almost every game.
  • − Barely destroys any enemy metal (400 by 15:00), no combat presence.
  • − Fusion Reactor and anti-nuke only land in 44% of games.
THE EXAMPLE YOU ARE READING

MischievousDragonGF

42.7 OS · 25/09/2026

Open source match ↗

1 received units
2664 metal received · 128669 energy received

Allied construction assistance is unknown. Timings are observations, not a promise of solo reproducibility.

Typical milestones

Bot Lab1:18Middle 50%: 1:13–1:32 · n=793
Advanced Bot Lab4:15Middle 50%: 4:04–4:27 · n=787
Advanced Metal Extractor5:28Middle 50%: 5:06–5:58 · n=791

Played most by

Amrissa100games of this buildSyphos34games of this buildKOT_33games of this buildTeaner28games of this buildAdeus26games of this build